 Dungeon Crawl Stone Soup version 0.31-a0-986-g5e6e4ef867 (webtiles) character file.

Game seed: 12946511155394545709

11 Firecrotchwizard the Caller (level 2, 0/15 HPs)
             Began as a Deep Elf Summoner on Nov 15, 2023.
             Frozen to death by an endoplasm (4 damage)
             ... on level 1 of the Dungeon.
             The game lasted 00:01:25 (215 turns).

Firecrotchwizard the Caller (Deep Elf Summoner)      Turns: 215, Time: 00:01:25

Health: 0/15       AC:  2    Str:  5    XL:     2   Next: 17%
Magic:  7/8        EV: 12    Int: 19    God:
Gold:   26         SH:  0    Dex: 15    Spells: 7/8 levels left

rFire   . . .        c - +0 hand axe
rCold   . . .        (no shield)
rNeg    . . .        a - +0 robe
rPois   .            (no helmet)
rElec   .            (no cloak)
rCorr   .            (no gloves)
SInv    .            (no boots)
Will    .....        (no amulet)
Stlth   ++           (no ring)
HPRegen 0.22/turn    (no ring)
MPRegen 0.11/turn

%: no passive effects
@: no status effects
A: no striking features
a: no special abilities


You were on level 1 of the Dungeon.
You visited 1 branch of the dungeon, and saw 1 of its levels.

You collected 26 gold pieces.

Inventory:

Hand Weapons
 c - a +0 hand axe (weapon)
Armour
 a - a +0 robe (worn)
Scrolls
 d - a scroll of vulnerability {unknown}
Potions
 b - a potion of magic
 e - a potion of heal wounds {unknown}


   Skills:
 - Level 2.4 Dodging
 - Level 2.4 Stealth
 + Level 3.6 Spellcasting
 + Level 4.7 Summonings


You had 7 spell levels left.
You knew the following spells:

 Your Spells              Type           Power      Damage    Failure   Level
a - Summon Small Mammal   Summ           84%        N/A       1%          1

Your spell library contained the following spells:

 Spells                   Type           Power      Damage    Failure   Level
 Call Imp                 Summ           42%        N/A       3%          2
 Call Canine Familiar     Summ           21%        N/A       6%          3
 Summon Guardian Golem    Hex/Summ       12%        N/A       16%         3
 Summon Lightning Spire   Summ/Air       12%        N/A       47%         4


Dungeon Overview and Level Annotations

Branches:
Dungeon (1/15)

Altars:


Message History

The endoplasm barely misses your quokka.
Something hits your quokka but does no damage.
Your quokka bites the endoplasm but does no damage. x2
Unknown command.
The goblin closely misses your quokka.
The endoplasm closely misses your quokka.
Something closely misses your quokka.
Your quokka bites the endoplasm but does no damage.
Your quokka bites the endoplasm.
The endoplasm dies!
You have reached level 2!
Your quokka bites the goblin.
The goblin dies!
Something barely misses your quokka.
Something hits your quokka but does no damage.
You swap places.
Your quokka disappears in a puff of smoke!
The kobold barely misses you.
You closely miss the kobold. The kobold closely misses you.
You hit the kobold.
You kill the kobold!
Things that are here:
a +0 dagger; a kobold corpse
Things that are here:
a +0 club; a goblin corpse You start resting.
Your quokka disappears in a puff of smoke!
HP restored.
Magic restored. 2 bats come into view.
The bat moves out of view.
A kobold comes into view. It is wielding a +0 dagger.
The bat closely misses you.
Casting: Summon Small Mammal (safe; 1% risk of failure)
Confirm with . or Enter, or press ? or * to list all spells.
The bat misses you.
An endoplasm comes into view.
The bat misses your bat.
Your bat hits the bat.
Casting: Summon Small Mammal (safe; 1% risk of failure)
Confirm with . or Enter, or press ? or * to list all spells.
The kobold shouts!
The bat hits your bat but does no damage.
Your bat hits the bat.
The bat hits your bat but does no damage.
The bat barely misses your quokka.
Your bat closely misses the bat.
The bat barely misses your bat. The bat barely misses your quokka.
The bat barely misses you.
Your quokka barely misses the bat.
Your bat closely misses the bat.
You barely miss the bat.
The bat is moderately wounded.
The bat closely misses your quokka. The bat hits you but does no damage.
Your bat barely misses the bat.
The bat barely misses your quokka. The bat closely misses your bat.
The bat closely misses your quokka. The bat completely misses your quokka.
Your quokka misses the bat. The bat attacks as it pursues you!
The bat hits you but does no damage. The bat misses your quokka.
The bat closely misses your quokka. The bat hits you but does no damage.
Your quokka closely misses the bat.
Your bat hits the bat but does no damage.
The bat completely misses your bat.
You barely miss the kobold. You barely miss the bat.
Your bat barely misses the bat.
The bat hits you. The bat closely misses you. The bat barely misses you.
The bat hits you but does no damage.
Your quokka closely misses the bat.
The kobold closely misses you.
Your quokka barely misses the bat.
Your bat hits the bat but does no damage.
The bat misses you.
Your bat hits the bat but does no damage.
The bat misses your quokka. The bat hits you.
The bat closely misses your quokka.
Your quokka closely misses the bat.
You barely miss the kobold. You closely miss the bat. The bat hits you.
The bat closely misses your bat.
Your bat hits the bat but does no damage.
The bat hits your bat.
Your bat completely misses the bat.
The kobold hits you with a +0 dagger.
Your quokka misses the bat. The kobold barely misses you.
The endoplasm barely misses you.
Your bat hits the bat. The bat barely misses your bat.
Your bat hits the bat but does no damage.
Your quokka barely misses the bat.
You closely miss the kobold. The bat hits you.
Your bat hits the bat.
The bat hits your bat but does no damage.
Your quokka bites the bat.
The bat dies!
Your bat misses the bat. The kobold misses you. The bat closely misses you.
You barely miss the endoplasm. You hit the kobold. You barely miss the bat.
Your bat closely misses the bat.
The bat misses you. The kobold completely misses you.
The endoplasm freezes you.
You are frozen.
* * * LOW HITPOINT WARNING * * *
Your quokka closely misses the kobold.
You hit the endoplasm.
The endoplasm is lightly wounded.
You hit the kobold but do no damage.
Your bat barely misses the bat.
Your quokka barely misses the kobold.
The bat hits you but does no damage. The kobold hits you with a +0 dagger.
* * * LOW HITPOINT WARNING * * *
The endoplasm closely misses you.
Your quokka bites the kobold.
The endoplasm freezes you.
You are frozen.
You die...

....................#
....................#
#...>....####......#
#.......####......# .
#..##..............
..######..##.#...##....#..
........b.b.))....†###.#.#
##...##J.#..#.#.....#...#
#.....rK@.#...##..#......
#......#.###....#........
........#..###.#..........
........##.# #.###........
........# .# #.# ##...#...
......... .# ..# ###.....
......... .. #####.
......... .# #. ##


You could see an endoplasm (ally target), a bat, a kobold (ally target), a
friendly quokka (summoned) and a friendly bat (summoned).

Vanquished Creatures
  A bat (D:1)
  A kobold (D:1)
2 creatures vanquished.

Vanquished Creatures (collateral kills)
  A bat (D:1)
  An endoplasm (D:1)
  2 giant cockroaches (D:1)
  2 goblins (D:1)
  A hobgoblin (D:1)
  A quokka (D:1)
8 creatures vanquished.

Grand Total: 10 creatures vanquished

Notes
Turn   | Place    | Note
-------+----------+-------------------------------------------
     0 | D:1      | Firecrotchwizard the Deep Elf Summoner began the quest for
                  | the Orb.
     0 | D:1      | Reached XP level 1. HP: 10/10 MP: 6/6
   173 | D:1      | Reached XP level 2. HP: 9/15 MP: 5/8
   215 | D:1      | Frozen to death by an endoplasm

Illustrated notes

Levels and vault maps discovered:
D:1:      dpeg_arrival_tiny_f, layout_rooms

Action                     || total
---------------------------++-------
  Melee: Hand axe          ||    12
         Unarmed           ||     1
   Cast: Summon Small Mamm ||    10
 Armour: Robe              ||    12
  Dodge: Dodged            ||    20

Table legend: (Time is in decaauts)
 A = Elapsed time spent in this place.
 B = Non-inter-level travel time spent in this place.
 C = Inter-level travel time spent in this place.
 D = Time resting spent in this place.
 E = Time spent auto-exploring this place.
 F = Levels seen in this place.
 G = Mean time per level.
                   A        B        C        D        E       F      G
               +--------+--------+--------+--------+--------+-----+--------+
         Total |    217 |    217 |      0 |     17 |     91 |   1 |  217.0 |
       Dungeon |    217 |    217 |      0 |     17 |     91 |   1 |  217.0 |
               +--------+--------+--------+--------+--------+-----+--------+

Top non-repeatable levels by time:
     D:1: 217 daAuts
